General information
- name: BNet
- type: Ladder team game (AT/RT)
- host: Battle.net
- saver: PAX
map: Deadlock
- players: 8
- length: 10:53
- speed: Fast
- version: 1.23 W3XP
- replay type: Public
» download(108 KB)
Players
team 1 (winner)
KODOS_MAPHACKEN (
pink | 66 APM | 715 actions | 10:51)
2 Priestess of the Moon
1 Trueshot Aura
1 Scout
» actions
| Assign group hotkey | 23 | |
| Basic commands | 42 | |
| Build / train | 44 | |
| ESC pressed | 5 | |
| Enter build submenu | 12 | |
| Enter hero's abilities submenu | 2 | |
| Right click | 290 | |
| Select / deselect | 146 | |
| Select group hotkey | 122 | |
| Use ability | 29 | |
715 total
» units
» upgrades
» buildings
| Altar of Elders | 1 | |
| Moon Well | 4 | |
| Hunter's Hall | 1 | |
| Ancient of War | 2 | |
| Tree of Life | 1 | |
| Ancient Protector | 3 | |
| Tree of Ages | 1 | |
13 total
» build order
00:09 Altar of Elders
00:18 Moon Well
01:52 Hunter's Hall
01:56 Ancient of War
02:10 Ancient of War
02:25 Moon Well
02:42 Moon Well
05:06 Moon Well
06:26 Tree of Life
08:35 Ancient Protector
08:37 Ancient Protector
08:38 Ancient Protector
09:59 Tree of Ages
» items
LW-Stupidus (
orange | 95 APM | 1027 actions | 10:51)
3 Keeper of the Grove
1 Thorns Aura
2 Entangling Roots
» actions
| Assign group hotkey | 41 | |
| Basic commands | 78 | |
| Build / train | 36 | |
| Enter build submenu | 10 | |
| Enter hero's abilities submenu | 4 | |
| Right click | 568 | |
| Select / deselect | 97 | |
| Select group hotkey | 168 | |
| Use ability | 25 | |
1027 total
» units
» buildings
| Altar of Elders | 1 | |
| Moon Well | 4 | |
| Hunter's Hall | 1 | |
| Ancient of War | 2 | |
| Tree of Life | 1 | |
| Tree of Ages | 1 | |
10 total
» build order
00:17 Altar of Elders
00:29 Moon Well
01:37 Hunter's Hall
02:02 Ancient of War
02:11 Moon Well
02:34 Ancient of War
02:46 Moon Well
04:49 Moon Well
07:42 Tree of Life
08:43 Tree of Ages
PAX (
red | 67 APM | 729 actions | 10:53)
3 Death Knight
2 Death Coil
1 Unholy Aura
1 Lich
1 Frost Nova
» actions
| Assign group hotkey | 44 | |
| Basic commands | 6 | |
| Build / train | 34 | |
| Enter build submenu | 10 | |
| Enter hero's abilities submenu | 4 | |
| Right click | 246 | |
| Select / deselect | 171 | |
| Select group hotkey | 179 | |
| Use ability | 35 | |
729 total
» units
| Acolyte | 3 | |
| Ghoul | 1 | |
| Crypt Fiend | 8 | |
| Obsidian Statue | 2 | |
14 total
» upgrades
| Creature Attack | 2 | |
| Web | 1 | |
| Destroyer Form | 1 | |
4 total
» buildings
| Crypt | 1 | |
| Graveyard | 1 | |
| Altar of Darkness | 1 | |
| Ziggurat | 4 | |
| Tomb of Relics | 1 | |
| Nerubian Tower | 1 | |
| Halls of the Dead | 1 | |
| Black Citadel | 1 | |
| Slaughterhouse | 1 | |
| Spirit Tower | 1 | |
13 total
» build order
00:07 Crypt
00:12 Graveyard
00:38 Altar of Darkness
00:45 Ziggurat
01:00 Tomb of Relics
01:48 Ziggurat
02:19 Nerubian Tower
04:28 Halls of the Dead
04:59 Ziggurat
06:59 Black Citadel
07:12 Slaughterhouse
07:13 Ziggurat
10:43 Spirit Tower
» items
| Rod of Necromancy | 2 | |
| Dust of Appearance | 1 | |
| Orb of Corruption | 1 | |
| Potion of Healing | 1 | |
| Scroll of Town Portal | 1 | |
6 total
Quantum- (
green | 81 APM | 883 actions | 10:51)
3 Death Knight
2 Death Coil
1 Unholy Aura
1 Lich
1 Frost Nova
» actions
| Assign group hotkey | 21 | |
| Basic commands | 1 | |
| Build / train | 23 | |
| Enter build submenu | 14 | |
| Enter hero's abilities submenu | 4 | |
| Right click | 462 | |
| Select / deselect | 116 | |
| Select group hotkey | 218 | |
| Use ability | 24 | |
883 total
» units
| Acolyte | 2 | |
| Ghoul | 1 | |
| Crypt Fiend | 6 | |
9 total
» upgrades
» buildings
| Crypt | 1 | |
| Graveyard | 1 | |
| Altar of Darkness | 1 | |
| Ziggurat | 7 | |
| Tomb of Relics | 1 | |
| Nerubian Tower | 1 | |
| Halls of the Dead | 1 | |
| Black Citadel | 1 | |
| Sacrificial Pit | 1 | |
| Spirit Tower | 2 | |
| Boneyard | 2 | |
19 total
» build order
00:14 Crypt
00:19 Graveyard
00:36 Altar of Darkness
00:53 Ziggurat
01:30 Tomb of Relics
01:57 Ziggurat
02:29 Nerubian Tower
04:26 Halls of the Dead
04:48 Ziggurat
05:16 Ziggurat
07:58 Black Citadel
08:03 Sacrificial Pit
08:06 Ziggurat
08:08 Ziggurat
08:10 Ziggurat
08:39 Spirit Tower
08:40 Spirit Tower
10:27 Boneyard
10:30 Boneyard
» items
team 2 (loser)

»
HEYGUYSIMFATLOL (
yellow | 121 APM | 1272 actions | 10:32)
1 Mountain King
1 Storm Bolt
2 Death Knight
1 Unholy Aura
1 Death Coil
» actions
| Assign group hotkey | 25 | |
| Basic commands | 100 | |
| Build / train | 24 | |
| Enter build submenu | 11 | |
| Enter hero's abilities submenu | 3 | |
| Right click | 715 | |
| Select / deselect | 145 | |
| Select group hotkey | 177 | |
| Use ability | 72 | |
1272 total
» units
» buildings
| Altar of Kings | 1 | |
| Farm | 3 | |
| Lumber Mill | 1 | |
| Scout Tower | 5 | |
| Guard Tower | 3 | |
13 total
» build order
00:07 Altar of Kings
00:20 Farm
01:19 Farm
02:03 Farm
06:12 Lumber Mill
08:20 Scout Tower
08:21 Scout Tower
08:21 Scout Tower
08:21 Scout Tower
08:33 Scout Tower
09:02 Guard Tower
09:02 Guard Tower
» items
| Potion of Healing | 1 | |
| Potion of Mana | 1 | |
2 total

»
R[aGe]Tama (
blue | 117 APM | 1275 actions | 10:51)
2 Archmage
1 Summon Water Elemental
1 Brilliance Aura
1 Mountain King
1 Storm Bolt
» actions
| Assign group hotkey | 24 | |
| Basic commands | 81 | |
| Build / train | 32 | |
| Enter build submenu | 18 | |
| Enter hero's abilities submenu | 3 | |
| Remove unit from queue | 2 | |
| Right click | 744 | |
| Select / deselect | 213 | |
| Select group hotkey | 114 | |
| Use ability | 44 | |
1275 total
» units
» upgrades
» buildings
| Altar of Kings | 1 | |
| Barracks | 1 | |
| Farm | 5 | |
| Scout Tower | 6 | |
| Blacksmith | 1 | |
| Arcane Tower | 1 | |
| Keep | 1 | |
| Lumber Mill | 1 | |
| Arcane Vault | 1 | |
| Guard Tower | 2 | |
20 total
» build order
00:02 Altar of Kings
00:07 Barracks
00:24 Farm
00:52 Farm
01:55 Scout Tower
02:35 Farm
02:47 Blacksmith
03:04 Arcane Tower
03:49 Farm
04:16 Keep
04:30 Lumber Mill
04:46 Arcane Vault
05:22 Farm
05:46 Scout Tower
05:53 Scout Tower
07:02 Scout Tower
07:03 Scout Tower
07:04 Scout Tower
07:35 Guard Tower
07:35 Guard Tower
» items

»
THETRUSTEDONE (
purple | 76 APM | 819 actions | 10:42)
1 Death Knight
1 Death Coil
1 Mountain King
1 Bash
» actions
| Assign group hotkey | 4 | |
| Basic commands | 6 | |
| Build / train | 37 | |
| Enter build submenu | 19 | |
| Enter hero's abilities submenu | 2 | |
| Remove unit from queue | 2 | |
| Right click | 536 | |
| Select / deselect | 175 | |
| Select group hotkey | 5 | |
| Use ability | 33 | |
819 total
» units
| Acolyte | 2 | |
| Ghoul | 2 | |
| Crypt Fiend | 9 | |
| Frost Wyrm | 1 | |
14 total
» upgrades
| Burrow | 1 | |
| Creature Carapace | 2 | |
| Creature Attack | 2 | |
| Web | 1 | |
6 total
» buildings
| Graveyard | 1 | |
| Crypt | 2 | |
| Ziggurat | 5 | |
| Altar of Darkness | 2 | |
| Tomb of Relics | 1 | |
| Halls of the Dead | 1 | |
| Nerubian Tower | 1 | |
| Black Citadel | 1 | |
| Sacrificial Pit | 1 | |
| Boneyard | 4 | |
19 total
» build order
00:08 Graveyard
00:15 Crypt
00:31 Ziggurat
00:34 Altar of Darkness
00:37 Altar of Darkness
00:48 Ziggurat
01:08 Tomb of Relics
01:59 Ziggurat
02:24 Halls of the Dead
02:29 Nerubian Tower
02:37 Crypt
04:19 Ziggurat
04:49 Black Citadel
06:03 Ziggurat
07:04 Sacrificial Pit
07:59 Boneyard
08:02 Boneyard
09:11 Boneyard
09:37 Boneyard
» items
| Rod of Necromancy | 2 | |
| Dust of Appearance | 1 | |
| Potion of Healing | 1 | |
| Potion of Mana | 1 | |
| Scroll of Healing | 2 | |
| Orb of Corruption | 1 | |
8 total

»
YEAHSHESASSBATS (
teal | 87 APM | 945 actions | 10:48)
1 Blademaster
1 Wind Walk
» actions
| Assign group hotkey | 38 | |
| Build / train | 28 | |
| ESC pressed | 2 | |
| Enter build submenu | 20 | |
| Enter hero's abilities submenu | 1 | |
| Remove unit from queue | 1 | |
| Right click | 282 | |
| Select / deselect | 203 | |
| Select group hotkey | 348 | |
| Use ability | 22 | |
945 total
» units
» upgrades
| Armor | 1 | |
| Liquid Fire | 1 | |
| Reinforced Defenses | 1 | |
3 total
» buildings
| Altar of Storms | 1 | |
| Orc Burrow | 4 | |
| War Mill | 1 | |
| Barracks | 1 | |
| Voodoo Lounge | 1 | |
| Watch Tower | 5 | |
| Stronghold | 1 | |
| Beastiary | 2 | |
| Fortress | 1 | |
17 total
» build order
00:05 Altar of Storms
00:26 Orc Burrow
01:42 War Mill
01:54 Barracks
02:09 Voodoo Lounge
03:08 Watch Tower
03:10 Watch Tower
03:23 Watch Tower
03:48 Stronghold
04:30 Orc Burrow
06:12 Beastiary
06:14 Beastiary
06:32 Watch Tower
07:01 Watch Tower
07:04 Fortress
07:59 Orc Burrow
08:03 Orc Burrow
» items
| Lesser Clarity Potion | 2 | |
| Healing Salve | 1 | |
| Scroll of Speed | 1 | |
4 total
Chat log
(00:03 / Allies) LW-Stupidus: talons
(00:15 / Allies) PAX: can we like
(00:17 / Allies) PAX: not screw this up
(00:26 / Allies) LW-Stupidus: split hit?
(00:28 / Allies) KODOS_MAPHACKEN: i'll get a potm
(00:30 / Allies) PAX: yea
(00:31 / Allies) LW-Stupidus: k
(00:35 / Allies) PAX: uds creep expos then hit
(00:41 / Allies) PAX: we got better micro
(00:49 / Allies) Quantum-: tt
(00:49 / Allies) PAX: well lemme creep 2 mines
(00:53 / Allies) PAX: zith creeps one
(00:57 / Allies) PAX: so we got a certain delay
(01:08 / Allies) LW-Stupidus: they might cheese
(01:09 / Allies) LW-Stupidus: idk
(01:13 / Allies) PAX: scout
(01:16 / Allies) LW-Stupidus: yes
(01:24 / Allies) PAX: lucky bastards prolly gonna get 2 uds and 2 orcs
(01:44 / Allies) PAX: tt
(01:47 / Allies) KODOS_MAPHACKEN: one ud
(01:56 / Allies) LW-Stupidus: jewman
(02:07 / Allies) PAX: human gonna die
(02:13 / Allies) PAX: orc
(02:16 / Allies) PAX: zith get nerub
(02:23 / Allies) PAX: 2 humans natch
(02:27 / Allies) LW-Stupidus: WOW fuck me
(02:29 / Allies) LW-Stupidus: i got thorns
(02:40 / Allies) PAX: harass
(02:43 / Allies) PAX: dont let them expo lol
(02:50 / Allies) LW-Stupidus: harass w/ thorns
(02:52 / Allies) KODOS_MAPHACKEN: blade mk
(03:00 / Allies) PAX: do you wanna just let them expo
(03:24 / All) HEYGUYSIMFATLOL: wtf stupidus
(03:27 / Allies) KODOS_MAPHACKEN: blade coming your way
(03:36 / Allies) PAX: mine?
(03:44 / Allies) KODOS_MAPHACKEN: yeah he went up there
(04:55 / All) R[aGe]Tama: where from?
(05:03 / Allies) Quantum-: lumber
(05:05 / Allies) PAX: go 2v2?
(05:10 / Allies) LW-Stupidus: yes
(05:16 / Allies) PAX: zith imba ready?
(05:21 / Allies) KODOS_MAPHACKEN: i'm ready
(05:21 / Allies) PAX: expo stups
(05:28 / Allies) Quantum-: free
(05:56 / Allies) LW-Stupidus: i got wisps going around
(06:11 / Allies) PAX: lumber
(06:13 / Allies) PAX: go stups
(06:26 / Allies) PAX: main
(06:38 / Allies) LW-Stupidus: im lagging rly badly
(06:46 / Allies) PAX: b
(07:02 / Allies) LW-Stupidus: hall him
(07:12 / Allies) LW-Stupidus: wow idk wtf is up
(07:19 / Allies) PAX: lumber
(07:35 / Allies) Quantum-: lol
(07:39 / Allies) PAX: what
(07:40 / Allies) Quantum-: they are horrible
(07:44 / Allies) KODOS_MAPHACKEN: yeah
(07:45 / Allies) KODOS_MAPHACKEN: like
(07:46 / Allies) PAX: did they have the expo items?
(07:46 / Allies) KODOS_MAPHACKEN: really
(07:50 / Allies) LW-Stupidus: u expect more
(07:51 / Allies) LW-Stupidus: from talonsd?
(08:10 / Allies) PAX: kill human
(08:17 / Allies) LW-Stupidus: idc about a bM
(08:29 / Allies) PAX: tower up ima
(08:31 / Allies) KODOS_MAPHACKEN: ud being fed
(08:31 / Allies) PAX: bat incoming
(08:38 / Allies) PAX: oh
(08:46 / Allies) PAX: lumber gold
(08:51 / Allies) PAX: oh lol
(08:57 / Allies) PAX: oh they are doing
(09:00 / Allies) KODOS_MAPHACKEN: hit as 4
(09:01 / Allies) PAX: tauren wyrm
(09:07 / Allies) Quantum-: and many many fiends
(09:08 / Allies) PAX: k come guys
(09:23 / All) YEAHSHESASSBATS: let me get ur mine
(09:31 / Allies) LW-Stupidus: wait
(09:34 / Allies) LW-Stupidus: are THEY batting?
(09:37 / Allies) PAX: dunno
(09:38 / Allies) PAX: GO ZITH
(09:40 / Allies) KODOS_MAPHACKEN: yes
(09:48 / Allies) PAX: nice
(09:51 / Allies) KODOS_MAPHACKEN: hit the second human
(10:01 / Allies) PAX: lumber gold
(10:20 / Allies) Quantum-: lumber
(10:25 / Allies) PAX: im out
(10:31 / All) HEYGUYSIMFATLOL: gg
(10:31 / All) HEYGUYSIMFATLOL: wp
(10:33 / Allies) KODOS_MAPHACKEN: fight the ud